 Dungeon Crawl Stone Soup version 0.28-a0-750-g7c675f85b1 (webtiles) character file.

Game seed: 108448092332642492

611 Rennog the Skirmisher (level 7, -6/48 HPs)
             Began as a Tengu Fighter on Oct 29, 2021.
             Was an Initiate of Gozag.
             Mangled by an ice beast (10 damage)
             ... on level 5 of the Dungeon.
             The game lasted 00:06:44 (5828 turns).

Rennog the Skirmisher (Tengu Fighter)               Turns: 5828, Time: 00:06:47

Health: -6/48      AC:  6    Str: 19    XL:     7   Next: 44%
Magic:  8/8        EV: 13    Int:  8    God:    Gozag
Gold:   503        SH:  4    Dex: 13    Spells: 6/6 levels left

rFire   . . .      SeeInvis .   a - +0 rapier
rCold   . . .      Faith    .   c - +0 buckler
rNeg    . . .      Spirit   .   b - +0 scale mail
rPois   .          Reflect  .   (helmet restricted)
rElec   .          Harm     .   (no cloak)
rCorr   .          Rampage  .   (no gloves)
Will    .....                   (boots unavailable)
Stlth   ..........              (no amulet)
HPRegen 0.16/turn               (no ring)
MPRegen 0.11/turn               (no ring)

@: flying quickly and evasively, quick
A: beak, talons 3, nimble flight
a: Renounce Religion, Potion Petition, Call Merchant, Bribe Branch


You were on level 5 of the Dungeon.
You worshipped Gozag.
Gozag was pleased with you.
You visited 1 branch of the dungeon, and saw 5 of its levels.

You collected 503 gold pieces.

Inventory:

Hand Weapons
 a - a +0 rapier (weapon)
Missiles
 o - 6 silver javelins (quivered)
Armour
 b - a +0 scale mail (worn)
 c - a +0 buckler (worn)
Jewellery
 i - an amulet of the acrobat
Wands
 t - a wand of iceblast (7)
Scrolls
 f - 5 scrolls of identify {unknown}
 h - 2 scrolls of magic mapping {unknown}
 l - a scroll of fog {unknown}
 m - a scroll of blinking {unknown}
 s - a scroll of immolation {unknown}
Potions
 d - a potion of might
 e - a potion of curing
 g - a potion of attraction {unknown}
 j - a potion of heal wounds {unknown}
 k - 2 potions of berserk rage {unknown}
 n - a potion of cancellation {unknown}
 p - a potion of mutation {unknown}
 q - a potion of brilliance {unknown}
 r - a potion of flight {unknown}


   Skills:
 * Level 7.0 Fighting
 - Level 2.1 Short Blades
 - Level 3.2 Armour
 + Level 4.6 Dodging
 - Level 3.0 Shields


You had 6 spell levels left.
You didn't know any spells.
Your spell library contained the following spells:

 Spells                   Type           Power      Damage    Failure   Level
 Corpse Rot               Necr/Air       0%         N/A       91%         2
 Animate Dead             Necr           0%         N/A       100%        4
 Dispel Undead            Necr           0%         3d6       100%        4
 Death Channel            Necr           0%         N/A       100%        6
 Haunt                    Necr/Summ      0%         N/A       100%        7
 Infestation              Necr           0%         N/A       100%        8


Dungeon Overview and Level Annotations

Branches:
Dungeon (5/15)             Temple (0/1) D:4

Altars:
Gozag
Hepliaklqana
Makhleb
Ru
Uskayaw
Xom


Innate Abilities, Weirdness & Mutations

You have a beak for a mouth.
You have claws for feet.
Your magical nature lets you fly swiftly and evasively.


Message History

The ice beast completely misses you.
You hit the ice beast.
The ice beast is lightly wounded.
The ice beast hits you. The ice beast freezes you!
You are too injured to fight recklessly!
You are too injured to fight recklessly!
You are too injured to fight recklessly!
You are too injured to fight recklessly!
You are too injured to fight recklessly!
You are too injured to fight recklessly!
You are too injured to fight recklessly!
You are too injured to fight recklessly!
You are too injured to fight recklessly!
You are too injured to fight recklessly!
You are too injured to fight recklessly!
You are too injured to fight recklessly!
You are too injured to fight recklessly!
You are too injured to fight recklessly!
You are too injured to fight recklessly!
You are too injured to fight recklessly!
You are too injured to fight recklessly!
You are too injured to fight recklessly!
You are too injured to fight recklessly!
You hit the ice beast but do no damage. You claw the ice beast!
You peck the ice beast, but do no damage.
The ice beast is moderately wounded.
The ice beast barely misses you.
You hit the ice beast. Your peck misses the ice beast.
The ice beast is heavily wounded.
The ice beast hits you.
* * * LOW HITPOINT WARNING * * *
The ice beast freezes you!
* * * LOW HITPOINT WARNING * * *
You hit the ice beast.
The ice beast is heavily wounded.
The ice beast hits you.
* * * LOW HITPOINT WARNING * * *
The ice beast freezes you!
You die...
Your body crumbles into a pile of gold.

#...§§...§§......# ####
#..#######§.)######.....
####.########...#....# ....####
#.....>.....#.8.#....+ ......#
#.####.####.#...#....# #.#...#
#.# #.##...#####..(. #.#...# #.#
#.##.#.#... ..# #.....#
#.####.##.#.#.#####.######....##
#.............Y@.$..............
######.##...#'#####.#######.####
#.........# #.#######..###
#.........# #............#
#.........# #............#
###...##### #<...........#
#...#............##.....#
#...#.##................#
###.>.#'##.###.....#####..#


You could see an ice beast.

Vanquished Creatures
  An ice beast (D:5)
  An ogre (D:5)
  A water moccasin zombie (D:4)
  A crimson imp (D:3)
  A hound (D:5)
  A bullfrog zombie (D:4)
  A bullfrog skeleton (D:4)
  A centaur skeleton (D:4)
  A scorpion zombie (D:4)
  An iguana (D:5)
  An orc wizard (D:5)
  A hound zombie (D:4)
  A hound skeleton (D:4)
  5 adders
  A gnoll (D:1)
  A howler monkey skeleton (D:5)
  3 adder zombies (D:4)
  3 dart slugs
  6 orcs
  7 ball pythons
  An endoplasm (D:3)
  3 giant cockroaches
  3 goblins
  3 hobgoblins
  3 jackals (D:2)
  4 kobolds
  3 quokkas
  2 bats
  2 frilled lizards
  A quokka skeleton (D:4)
  A rat (D:1)
65 creatures vanquished.

Vanquished Creatures (others)
  A withered plant (D:4)
1 creature vanquished.

Grand Total: 66 creatures vanquished

Notes
Turn   | Place    | Note
-------+----------+-------------------------------------------
     0 | D:1      | Rennog the Tengu Fighter began the quest for the Orb.
     0 | D:1      | Reached XP level 1. HP: 14/14 MP: 2/2
   307 | D:1      | Found a faded altar of an unknown god.
   372 | D:1      | Prayed at the altar of an unknown god.
   372 | D:1      | Became a worshipper of Gozag Ym Sagoz the Greedy
   511 | D:1      | Reached XP level 2. HP: 12/19 MP: 3/3
   514 | D:1      | Reached skill level 1 in Dodging
   662 | D:1      | Reached XP level 3. HP: 24/24 MP: 4/4
  1032 | D:2      | Reached skill level 4 in Fighting
  1251 | D:2      | Found a sacrificial altar of Ru.
  1275 | D:2      | Reached XP level 4. HP: 16/30 MP: 5/5
  2081 | D:3      | You fall into a shaft and drop 1 floor!
  2112 | D:4      | Gained mutation: Your magical nature lets you fly swiftly
                  | and evasively. [Tengu growth]
  2112 | D:4      | Reached XP level 5. HP: 16/34 MP: 6/6
  2298 | D:4      | Reached skill level 5 in Fighting
  2522 | D:4      | Noticed an ogre
  2706 | D:4      | Found a hide-covered altar of Uskayaw.
  2752 | D:4      | Reached XP level 6. HP: 41/41 MP: 7/7
  3005 | D:4      | Found a staircase to the Ecumenical Temple.
  3718 | D:3      | Found a burning altar of Makhleb.
  3718 | D:3      | Found a shimmering altar of Xom.
  3736 | D:3      | Reached skill level 6 in Fighting
  4086 | D:5      | Entered Level 5 of the Dungeon
  4088 | D:5      | Noticed an ice beast
  4350 | D:5      | Noticed an ice beast
  4719 | D:5      | Found a hazy altar of Hepliaklqana.
  4722 | D:5      | Found a faded altar of an unknown god.
  5566 | D:5      | Killed an ice beast
  5567 | D:5      | Reached XP level 7. HP: 24/47 MP: 8/8
  5789 | D:5      | Reached skill level 7 in Fighting
  5828 | D:5      | Mangled by an ice beast

Illustrated notes

Levels and vault maps discovered:
D:1:      amcnicky_arrival_single_pillar, layout_loops_ring,
          dreamdust_ecumenical_altar_angels_and_demons, minmay_ruptured
D:2:      layout_loops_cross, basic_altar, chequers_serial_rivers_micro_b,
          moated_statue
D:3:      layout_basic, grunt_temple_overflow_champion_of_chaos
D:4:      layout_rooms, nicolae_uskayaw_dance_hall,
          minmay_temple_entry_statues_fountains, serial_undead, serial_undead_d,
          serial_undead_c, serial_undead_c, serial_undead_c, st_stairs_12,
          minivault_23, grunt_ministairs_13, hex_tiny, minmay_misc_feat_tower
D:5:      layout_basic, beargit_hepliaklqana_dungeon_heroes,
          mainiacjoe_overflow_cross_hatched, serial_shops, shop, uniq_edmund

Skill      XL: |  1  2  3  4  5  6  7 |
---------------+----------------------+-----
Dodging        | 1 2 3 4 |  4.6
Fighting       | 4 5 6 7 |  7.0
Short Blades   | |  2.1
Armour         | |  3.2
Shields        | |  3.0

Action                   |  1- 3 |  4- 6 |  7- 9 || total
-------------------------+-------+-------+-------++-------
Melee: Rapier            |    68 |   159 |    15 ||   242
       Kick              |     8 |    45 |     5 ||    58
       Peck              |     4 |    38 |     5 ||    47
  Use: Potion            |     1 |       |       ||     1
 Stab: Invisible         |       |     1 |       ||     1
Armor: Scale mail        |    24 |    45 |       ||    69
Dodge: Dodged            |    33 |    93 |     6 ||   132
Block: Buckler           |    10 |    33 |     1 ||    44

Table legend: (Time is in decaauts)
 A = Elapsed time spent in this place.
 B = Non-inter-level travel time spent in this place.
 C = Inter-level travel time spent in this place.
 D = Time resting spent in this place.
 E = Time spent auto-exploring this place.
 F = Levels seen in this place.
 G = Mean time per level.
                   A        B        C        D        E       F      G
               +--------+--------+--------+--------+--------+-----+--------+
         Total |   5692 |   5351 |    341 |    657 |   3926 |   5 | 1138.4 |
       Dungeon |   5692 |   5351 |    341 |    657 |   3926 |   5 | 1138.4 |
               +--------+--------+--------+--------+--------+-----+--------+

Top non-repeatable levels by time:
     D:3: 1597 daAuts
     D:4: 1491 daAuts
     D:2: 1100 daAuts
     D:1: 836 daAuts
     D:5: 665 daAuts
